[Event "Titled Tuesday Blitz May 23 Late 2023"]
[White "reevecanada"]
[Black "Iliaguev, Nisim"]
[BlackFideId "2817276"]
[WhiteElo "2424"]
[BlackElo "2241"]
[Result "1/2-1/2"]
[Round "03"]
[TimeControl "180+2"]
[Date "2023.05.23"]
[WhiteClock "0:00:25"]
[BlackClock "0:00:40"]

1. e4 c6 2. Nf3 d5 3. exd5 cxd5 4. d4 Nf6 5. Bd3 Nc6 6. O-O Bg4 7. c3 e6 8. h3 Bh5 9. Qb3 Rb8 10. Nbd2 Bd6 11. Re1 O-O 12. Ne5 Bxe5 13. dxe5 Nd7 14. f4 Nc5 15. Qc2 Nxd3 16. Qxd3 Bg6 17. Qg3 d4 18. Nb3 d3 19. Be3 Qd5 20. Rad1 Rfd8 21. Rd2 h6 22. Qf2 b5 23. Bxa7 Nxa7 24. Qxa7 b4 25. Qd4 Qc6 26. Qc5 Qxc5+ 27. Nxc5 bxc3 28. bxc3 Rbc8 29. Ne4 Rc4 30. Nd6 Rxc3 31. g4 Rc2 32. Red1 Ra8 33. f5 exf5 34. Nxf5 Raxa2 35. Rxd3 Rg2+ 36. Kh1 Rh2+ 37. Kg1 Rag2+ 38. Kf1 Rf2+ 39. Kg1 h5 40. Ne7+ Kh7 41. Nxg6 Kxg6 42. gxh5+ Kxh5 43. Re1 Rhg2+ 44. Kh1 Kh4 45. Re4+ Kg5 46. e6 fxe6 47. Rxe6 Kf5 48. Re1 Ra2 49. Rf3+ Kg5 50. Rg1 Rxg1+ 51. Kxg1 Kh4 52. Kh1 g5 53. Kg1 Rb2 54. Kh1 Re2 55. Kg1 Re1+ 56. Kg2 Re4 57. Kg1 Re2 58. Kh1 Kh5 59. Kg1 Kg6 60. Kh1 Re5 61. Kg1 Kh5 62. Kg2 Kh4 63. Kh2 Re2+ 64. Kg1 Ra2 65. Kh1 Ra4 66. Kg1 Re4 67. Kg2 Re2+ 68. Kg1 1/2-1/2


[Site "https://www.chess.com"]

[Event "Titled Tuesday Blitz May 23 Late 2023"]
[White "Arencibia Monduy, Antonio"]
[Black "Mirimanian, Hayk"]
[WhiteFideId "3507939"]
[BlackFideId "4700180"]
[WhiteElo "2421"]
[BlackElo "2280"]
[Result "0-1"]
[Round "03"]
[TimeControl "180+2"]
[Date "2023.05.23"]
[WhiteClock "0:00:00"]
[BlackClock "0:00:58"]

1. e4 c5 2. Nf3 d6 3. d4 cxd4 4. Nxd4 Nf6 5. Nc3 a6 6. h3 e5 7. Nde2 h5 8. Be3 Be6 9. g3 Nbd7 10. Bg2 b5 11. O-O Be7 12. a3 Rc8 13. f4 O-O 14. b3 Nc5 15. f5 Bd7 16. b4 Na4 17. Nxa4 bxa4 18. Qd2 Rc4 19. Nc3 Qc7 20. Nd5 Nxd5 21. exd5 Rxc2 22. Qd1 Rc8 23. Qxh5 Qc3 24. Rae1 Bf6 25. g4 Bb5 26. g5 Bxf1 27. gxf6 Qxe1 0-1


[Site "https://www.chess.com"]

[Event "Titled Tuesday Blitz May 23 Late 2023"]
[White "Tejedor Fuente, Enrique"]
[Black "Mikhalsky, Vladimir"]
[WhiteFideId "2299100"]
[BlackFideId "14144352"]
[WhiteElo "2496"]
[BlackElo "2236"]
[Result "1-0"]
[Round "03"]
[TimeControl "180+2"]
[Date "2023.05.23"]
[WhiteClock "0:00:33"]
[BlackClock "0:00:00"]

1. d4 Nf6 2. Nc3 g6 3. e4 d6 4. h3 Bg7 5. Nf3 O-O 6. Bd3 a6 7. a4 Nc6 8. O-O e5 9. Be3 d5 10. exd5 Nxd5 11. Nxd5 Qxd5 12. c4 Qa5 13. d5 Nd4 14. Nxd4 exd4 15. Bd2 Qb6 16. a5 Qf6 17. Re1 Bf5 18. Qf3 Bxd3 19. Qxd3 Rfe8 20. Qb3 b6 21. axb6 Qxb6 22. Qxb6 cxb6 23. Rxe8+ Rxe8 24. Rxa6 Bf8 25. Rxb6 Re2 26. Bf4 d3 27. Rb8 Kg7 28. Kf1 Rc2 29. Be3 Bc5 30. Ke1 Bd6 31. Rb3 Re2+ 32. Kd1 Rc2 33. Rc3 Rxb2 34. Rxd3 f6 35. c5 Be5 36. d6 Rb1+ 37. Kc2 Rb5 38. f4 Bxf4 39. Bxf4 Rxc5+ 40. Rc3 Rd5 41. Rd3 Rxd3 42. Kxd3 Kf7 43. Kc4 Ke6 44. Kc5 g5 45. Kc6 gxf4 46. d7 1-0


[Site "https://www.chess.com"]

[Event "Titled Tuesday Blitz May 23 Late 2023"]
[White "Mazurkiewicz, Michal"]
[Black "HamedWafa4"]
[WhiteFideId "1124943"]
[WhiteElo "2054"]
[BlackElo "2629"]
[Result "0-1"]
[Round "03"]
[TimeControl "180+2"]
[Date "2023.05.23"]
[WhiteClock "0:00:00"]
[BlackClock "0:00:19"]

1. e4 e5 2. Nf3 Nc6 3. Bb5 a6 4. Bxc6 dxc6 5. O-O Bg4 6. h3 Bh5 7. g4 Bg6 8. Nxe5 Bd6 9. Nf3 f6 10. Re1 Ne7 11. d4 h5 12. g5 Qd7 13. Kg2 O-O-O 14. Nc3 Rdf8 15. Be3 h4 16. e5 fxe5 17. Nxe5 Bxe5 18. dxe5 Nd5 19. Nxd5 Be4+ 20. Kh2 cxd5 21. f4 g6 22. Rc1 Qa4 23. b3 Qxa2 24. e6 Re8 25. Bd4 Rhf8 26. Rxe4 dxe4 27. Ra1 Qxa1 28. Bxa1 Rxe6 29. Be5 Rd8 30. Qe2 Rc6 31. c4 Rb6 32. Qxe4 Rxb3 33. Qc2 Rbd3 34. Bc3 Rg3 35. Be5 Rgd3 36. Bc3 b6 37. Kg2 Rg3+ 38. Kf2 Rdd3 0-1


[Site "https://www.chess.com"]

[Event "Titled Tuesday Blitz May 23 Late 2023"]
[White "Kirillov, Dmitry"]
[Black "koncheto"]
[WhiteFideId "34180572"]
[WhiteElo "2161"]
[BlackElo "2629"]
[Result "0-1"]
[Round "03"]
[TimeControl "180+2"]
[Date "2023.05.23"]
[WhiteClock "0:00:01"]
[BlackClock "0:00:09"]

1. e4 e5 2. Nf3 Nf6 3. Nc3 Nc6 4. Nxe5 Nxe5 5. d4 Nc6 6. d5 Bb4 7. dxc6 bxc6 8. Bd3 d5 9. exd5 cxd5 10. O-O O-O 11. Bg5 c6 12. Qf3 Be6 13. Rad1 Rb8 14. h3 h6 15. Bh4 Bd6 16. Rfe1 Rxb2 17. Ne2 Rxa2 18. Nd4 Ra4 19. Rxe6 fxe6 20. Nxe6 Qe7 21. Nxf8 Qxf8 22. Bxf6 Qxf6 23. Qh5 Ra1 24. Qe8+ Bf8 25. Rxa1 Qxa1+ 26. Kh2 Qd4 27. Qxc6 Qxf2 28. Qxd5+ Kh8 29. Qe4 Kg8 30. Qh7+ Kf7 31. Bc4+ Kf6 32. Qe4 Bd6+ 33. Kh1 Be5 34. Qc6+ Kg5 35. Qe4 Qg3 36. Kg1 a5 37. Bd3 Kf6 38. Qf5+ Ke7 39. Qe4 Kd6 40. Bc4 Ke7 41. Bd3 Qf4 42. Qb7+ Kf8 43. Qc8+ Kf7 44. Bc4+ Kg6 45. Qe6+ Kg5 46. Bd3 Qc1+ 47. Kf2 Bd4+ 48. Kg3 Qf4# 0-1


[Site "https://www.chess.com"]

[Event "Titled Tuesday Blitz May 23 Late 2023"]
[White "NikaVolkov"]
[Black "Zaitsev, Alexander"]
[BlackFideId "4164490"]
[WhiteElo "2627"]
[BlackElo "2373"]
[Result "1-0"]
[Round "03"]
[TimeControl "180+2"]
[Date "2023.05.23"]
[WhiteClock "0:01:29"]
[BlackClock "0:00:00"]

1. d4 Nf6 2. Nf3 e6 3. e3 c5 4. c4 cxd4 5. exd4 d5 6. Nc3 Be7 7. Be2 dxc4 8. Bxc4 O-O 9. O-O Nbd7 10. Bg5 Nb6 11. Bd3 Nbd5 12. Rc1 Bd7 13. Re1 Bc6 14. Ne5 Rc8 15. Bb1 Nd7 16. Qh5 f5 17. Nxc6 Rxc6 18. Bxe7 Nxe7 19. Rcd1 Nf6 20. Qf3 Ned5 21. Bc2 Nxc3 22. bxc3 Qc7 23. Bb3 Ne4 24. c4 Rd8 25. d5 Rcd6 26. dxe6 Nc5 27. Rxd6 Qxd6 28. e7 Re8 29. Qd5+ Qxd5 30. cxd5 Kf7 31. d6+ Kf6 32. Ba4 1-0


[Site "https://www.chess.com"]

[Event "Titled Tuesday Blitz May 23 Late 2023"]
[White "nicolasulaneobelassi"]
[Black "Kleiman, Jake"]
[BlackFideId "2020041"]
[WhiteElo "2413"]
[BlackElo "2626"]
[Result "1-0"]
[Round "03"]
[TimeControl "180+2"]
[Date "2023.05.23"]
[WhiteClock "0:00:16"]
[BlackClock "0:00:04"]

1. e4 e5 2. Nf3 Nc6 3. d4 exd4 4. Bc4 Nf6 5. O-O d6 6. Nxd4 Be7 7. Nc3 O-O 8. Nxc6 bxc6 9. Bf4 Nd7 10. Qd2 Bf6 11. Rad1 Re8 12. Rfe1 Rb8 13. Bb3 Ne5 14. h3 h6 15. Bg3 Bh4 16. Bh2 Qf6 17. Rf1 Nf3+ 18. gxf3 Bxh3 19. Qf4 Qg6+ 20. Bg3 Bg5 21. Qxf7+ Qxf7 22. Bxf7+ Kxf7 23. Rfe1 Rxb2 24. f4 Be7 25. Kh2 Bg4 26. Rd2 h5 27. Kg2 h4 28. Bh2 Bd7 29. f5 Bc8 30. Bf4 Bf6 31. Nd1 Rxa2 32. f3 Ra4 33. Ree2 Bxf5 34. Bxd6 Bxe4 35. fxe4 cxd6 36. Rxd6 Raxe4 37. Rxe4 Rxe4 38. Rxc6 g5 39. Nf2 Re7 40. Ng4 Bg7 41. Kf3 Rb7 42. Rc5 Kg6 43. Ne3 Bd4 44. Rc6+ Kh5 45. Nf5 Be5 46. Rh6# 1-0


[Site "https://www.chess.com"]

[Event "Titled Tuesday Blitz May 23 Late 2023"]
[White "Chor, Kevin"]
[Black "Szyszylo, Rafal"]
[WhiteFideId "2090740"]
[BlackFideId "1109626"]
[WhiteElo "2624"]
[BlackElo "1951"]
[Result "1-0"]
[Round "03"]
[TimeControl "180+2"]
[Date "2023.05.23"]
[WhiteClock "0:00:11"]
[BlackClock "0:00:00"]

1. e4 d6 2. d4 Nf6 3. Nc3 g6 4. f4 Bg7 5. Nf3 O-O 6. e5 Nfd7 7. h4 c5 8. h5 cxd4 9. Qxd4 dxe5 10. Qf2 e4 11. Nxe4 Nf6 12. Nxf6+ exf6 13. hxg6 Re8+ 14. Be2 hxg6 15. Bd2 Qe7 16. Kf1 Nc6 17. Re1 Qd6 18. Qh4 Bf5 19. Bc3 Rac8 20. g4 Be4 21. g5 Bxf3 22. Qh7+ Kf8 23. gxf6 Bxf6 24. Qh6+ Ke7 25. Bxf3+ Kd8 26. Rd1 Nd4 27. Bxd4 Bxd4 28. c3 Qa6+ 29. Kg2 Re2+ 30. Kg3 Rxb2 31. Qf8+ Kc7 32. Qxf7+ Kb8 33. Rxd4 1-0


[Site "https://www.chess.com"]

[Event "Titled Tuesday Blitz May 23 Late 2023"]
[White "ArchibaldCerveza29"]
[Black "Aldokhin, Ivan"]
[BlackFideId "24115720"]
[WhiteElo "2407"]
[BlackElo "2322"]
[Result "0-1"]
[Round "03"]
[TimeControl "180+2"]
[Date "2023.05.23"]
[WhiteClock "0:00:09"]
[BlackClock "0:00:20"]

1. d4 Nf6 2. c4 g6 3. Nc3 Bg7 4. e4 O-O 5. Be2 d6 6. Nf3 Nc6 7. h3 Re8 8. Be3 e5 9. d5 Nd4 10. Nxd4 exd4 11. Bxd4 Nxe4 12. Bxg7 Kxg7 13. Nxe4 Rxe4 14. O-O Qf6 15. b3 Bf5 16. Bf3 Rd4 17. Qe2 Bd3 18. Qe3 Bxf1 19. Rxf1 Qe5 20. Qc3 Re8 21. Qa5 b6 22. Qxa7 Re7 23. Qa3 Rd2 24. b4 Qd4 25. Qc1 f5 26. a4 g5 27. g3 g4 28. hxg4 fxg4 29. Bxg4 Rf7 30. Qe1 Rd3 31. Bh3 Rxg3+ 32. Bg2 Rg6 33. Qe2 Rf5 34. Qe3 Qxe3 35. fxe3 Rxf1+ 36. Kxf1 Rg4 37. e4 Rg3 38. a5 bxa5 39. bxa5 Ra3 40. e5 dxe5 41. c5 Rxa5 42. d6 cxd6 43. cxd6 Kf6 44. Kf2 Ke6 45. Be4 h6 46. Kf3 Kxd6 47. Kg4 Ra4 48. Kf5 Rxe4 49. Kxe4 h5 50. Kf5 Kd5 51. Kg5 Kd4 52. Kxh5 e4 53. Kg4 e3 54. Kf3 Kd3 55. Kg2 Kd2 0-1


[Site "https://www.chess.com"]

[Event "Titled Tuesday Blitz May 23 Late 2023"]
[White "Gatterer, Florian"]
[Black "Gheorghiu, Calin"]
[WhiteFideId "811688"]
[BlackFideId "1200305"]
[WhiteElo "2221"]
[BlackElo "2223"]
[Result "0-1"]
[Round "03"]
[TimeControl "180+2"]
[Date "2023.05.23"]
[WhiteClock "0:00:00"]
[BlackClock "0:01:06"]

1. b3 d5 2. Bb2 Bf5 3. d3 Nf6 4. Nd2 h6 5. g3 e6 6. Bg2 Be7 7. e4 Bh7 8. Qe2 O-O 9. f4 c5 10. Ngf3 Nc6 11. O-O Rc8 12. e5 Nd7 13. c3 b5 14. a3 a5 15. Kh1 Qb6 16. d4 b4 17. axb4 axb4 18. c4 cxd4 19. cxd5 d3 20. Qe1 exd5 21. e6 Nc5 22. Nd4 Ne4 23. Nxc6 Qxc6 24. exf7+ Rxf7 25. Rc1 Nc3 26. Nc4 Bf6 27. Ne5 Bxe5 28. fxe5 Rxf1+ 29. Bxf1 Be4+ 30. Kg1 Rf8 31. Qe3 d2 32. Qxd2 Qc5+ 0-1


[Site "https://www.chess.com"]

[Event "Titled Tuesday Blitz May 23 Late 2023"]
[White "Manukyan, Sargis A."]
[Black "a-z30"]
[WhiteFideId "13303970"]
[WhiteElo "2187"]
[BlackElo "2406"]
[Result "1-0"]
[Round "03"]
[TimeControl "180+2"]
[Date "2023.05.23"]
[WhiteClock "0:00:28"]
[BlackClock "0:00:10"]

1. d4 Nf6 2. c4 e6 3. Nc3 Bb4 4. a3 Bxc3+ 5. bxc3 d6 6. e3 Nc6 7. Bd3 e5 8. Ne2 O-O 9. O-O b6 10. Ng3 Ba6 11. f4 Re8 12. fxe5 dxe5 13. d5 Na5 14. e4 h6 15. Nf5 Bxc4 16. Bxc4 Nxc4 17. Qd3 Nd6 18. Nxd6 Qxd6 19. h3 Nd7 20. Qf3 Qg6 21. Be3 Nf6 22. Rae1 Qxe4 23. Bxh6 Qxf3 24. Rxf3 Nxd5 25. Rg3 g6 26. h4 Kh7 27. Bg5 f6 28. Bc1 Rad8 29. Rf1 f5 30. c4 f4 31. Rg5 Nf6 32. g3 Ne4 33. Rg4 Nxg3 34. Re1 Nf5 35. Kf2 Rd4 36. h5 gxh5 37. Rg5 Ne3 38. Rh1 Kh6 39. Rhxh5# 1-0


[Site "https://www.chess.com"]

[Event "Titled Tuesday Blitz May 23 Late 2023"]
[White "zsizsi99"]
[Black "Denishev, Marat"]
[BlackFideId "24131563"]
[WhiteElo "2406"]
[BlackElo "2311"]
[Result "0-1"]
[Round "03"]
[TimeControl "180+2"]
[Date "2023.05.23"]
[WhiteClock "0:00:07"]
[BlackClock "0:00:03"]

1. e4 c5 2. Nf3 d6 3. c3 Nf6 4. Bd3 g6 5. h3 Bg7 6. Bc2 O-O 7. O-O e5 8. d4 exd4 9. cxd4 Nc6 10. dxc5 dxc5 11. Qxd8 Rxd8 12. Be3 b6 13. a3 Ba6 14. Re1 Na5 15. Nfd2 Rd7 16. Nc3 Rad8 17. Rad1 Bd3 18. Ba4 Re7 19. b4 Nb7 20. bxc5 Nxc5 21. Bxc5 bxc5 22. f3 Nh5 23. Nd5 Bd4+ 24. Kh1 Rb7 25. g4 Ng7 26. Nf1 Ba6 27. Nfe3 Ne6 28. Nc2 Bf2 29. Nf6+ Kg7 30. Rxd8 Nxd8 31. Ne8+ Kf8 32. Rd1 Be2 33. Rc1 Bxf3+ 34. Kh2 Rb2 35. Nd6 Be3 36. Rf1 Bf4+ 37. Kg1 Bxd6 38. Rxf3 Ne6 39. Rd3 Be5 40. Kf2 Nf4 41. Rd8+ Kg7 42. Re8 f6 43. Ke3 Nxh3 44. Re7+ Kh6 45. Rxa7 Ng1 46. Kf2 Nh3+ 47. Ke3 Nf4 48. Kf3 Nd3 49. Ne3 Ne1# 0-1


[Site "https://www.chess.com"]

[Event "Titled Tuesday Blitz May 23 Late 2023"]
[White "Prydun, Andriy"]
[Black "Omranalhosani21"]
[WhiteFideId "14145898"]
[WhiteElo "2164"]
[BlackElo "2611"]
[Result "1-0"]
[Round "03"]
[TimeControl "180+2"]
[Date "2023.05.23"]
[WhiteClock "0:00:40"]
[BlackClock "0:00:08"]

1. Nc3 d5 2. e3 c5 3. Nce2 Nf6 4. d4 Nc6 5. a3 g6 6. Nf3 Bg7 7. g3 O-O 8. Bg2 c4 9. O-O Bf5 10. Nc3 Ne4 11. Nxe4 Bxe4 12. Nd2 Bxg2 13. Kxg2 e5 14. c3 b5 15. Re1 a5 16. Nf3 e4 17. Ng1 b4 18. Qa4 Qc8 19. b3 cxb3 20. cxb4 axb4 21. Qxb3 Qf5 22. Bb2 Rfb8 23. axb4 Rxa1 24. Rxa1 Bf8 25. b5 Nb4 26. Ba3 Nd3 27. Ra2 Bxa3 28. Qxa3 Rxb5 29. Qd6 Qc8 30. Ra7 Rb2 31. Rd7 Rxf2+ 32. Kh1 Kg7 33. Rd8 Qe6 34. Qf8+ Kf6 35. Rd6 Rd2 36. Qh8+ Ke7 37. Qd8# 1-0


[Site "https://www.chess.com"]

[Event "Titled Tuesday Blitz May 23 Late 2023"]
[White "Korchmar, Vasiliy"]
[Black "Vaglio Munoz, Jaime"]
[WhiteFideId "24131750"]
[BlackFideId "6500145"]
[WhiteElo "2370"]
[BlackElo "2199"]
[Result "1-0"]
[Round "03"]
[TimeControl "180+2"]
[Date "2023.05.23"]
[WhiteClock "0:00:10"]
[BlackClock "0:00:25"]

1. e4 e6 2. d4 d5 3. e5 c5 4. c3 Qb6 5. Nf3 Bd7 6. Be2 cxd4 7. cxd4 Bb5 8. O-O Bxe2 9. Qxe2 Nc6 10. Nc3 Nge7 11. Be3 h5 12. b4 Nf5 13. b5 Na5 14. Na4 Qd8 15. Rfc1 b6 16. Rc2 Ba3 17. Qd3 Qe7 18. Rb1 O-O 19. Bg5 f6 20. exf6 gxf6 21. Bc1 Bxc1 22. Rbxc1 Nc4 23. Nd2 Nfd6 24. Nxc4 Nxc4 25. Nb2 Nxb2 26. Rxb2 Qh7 27. Qg3+ Kh8 28. Rbc2 Rg8 29. Qe3 Rae8 30. Rc7 Rg7 31. Qf4 Reg8 32. g3 Qg6 33. h4 Kh7 34. Kh2 Qh6 35. Qf3 f5 36. R1c6 f4 37. Rxg7+ Rxg7 38. Qxf4 Qxf4 39. gxf4 Rf7 40. Kg3 Rf6 41. Rc7+ Kg6 42. Rxa7 Kf5 43. Rb7 Rg6+ 44. Kf3 Rg4 45. Rxb6 Rxf4+ 46. Ke3 Re4+ 47. Kd3 Rxh4 48. Rb8 Rh3+ 49. Kc2 Ra3 50. Kb2 Ra4 51. Kb3 Rxd4 52. b6 Rd1 53. Kc2 Rd4 54. b7 Rc4+ 55. Kb3 Rc1 56. Rf8+ Ke4 57. b8=Q Rb1+ 58. Kc2 Rxb8 59. Rxb8 Kf3 60. Re8 h4 61. Rxe6 d4 62. Kd3 Kxf2 63. Rh6 Kg3 64. a4 h3 65. a5 Kg2 66. a6 h2 67. a7 h1=Q 68. Rxh1 Kf2 69. a8=Q Kg3 70. Qf8 Kg2 71. Rh7 Kg1 72. Rg7+ Kh2 73. Qh8# 1-0


[Site "https://www.chess.com"]

[Event "Titled Tuesday Blitz May 23 Late 2023"]
[White "Bogaudinov, Rushan"]
[Black "Melikyan, Gnel"]
[WhiteFideId "4129288"]
[BlackFideId "54109990"]
[WhiteElo "1941"]
[BlackElo "2138"]
[Result "0-1"]
[Round "03"]
[TimeControl "180+2"]
[Date "2023.05.23"]
[WhiteClock "0:00:00"]
[BlackClock "0:00:12"]

1. e4 c5 2. Nf3 Nc6 3. Bb5 g6 4. O-O Bg7 5. c3 Nf6 6. Re1 O-O 7. d4 d5 8. exd5 Qxd5 9. c4 Qh5 10. Bxc6 bxc6 11. Ne5 Qxd1 12. Rxd1 cxd4 13. Nxc6 Re8 14. Rxd4 Bb7 15. Nb4 Ne4 16. Rd1 Red8 17. Rf1 a5 18. Nd5 Bxd5 19. cxd5 Rac8 20. Nc3 Nxc3 21. bxc3 Bxc3 22. Rb1 Rxd5 23. Be3 Bb4 24. Rb3 Rc3 25. Rxc3 Bxc3 26. g3 Kg7 27. Rc1 Bb4 28. Kg2 Rd7 29. h4 h5 30. Kf3 Rd3 31. Ke2 Ra3 32. Rc2 e5 33. Bc1 Ra4 34. Kd3 Be7 35. Bb2 f6 36. Bc3 Kf7 37. Rb2 Ke6 38. Rb6+ Kf5 39. Rb7 Bc5 40. f3 Rxa2 41. Rb5 Bb4 42. Bxb4 axb4 43. Rxb4 Rg2 44. Ke3 Rxg3 45. Rc4 g5 46. hxg5 fxg5 47. Rc8 Rg2 48. Rf8+ Kg6 49. Rg8+ Kf7 50. Rh8 h4 51. Rh6 Kg7 52. Re6 h3 53. Rxe5 h2 54. Re7+ Kh6 55. Re6+ Kh5 56. Re8 Kh4 57. Rh8+ Kg3 58. Rh5 g4 59. fxg4 Rg1 60. g5 h1=Q 61. Rxh1 Rxh1 62. Ke4 Kg4 63. g6 Rh6 64. g7 Rg6 65. Ke5 Rxg7 66. Kf6 Rg5 67. Ke6 Rf5 68. Kd6 Kf4 69. Ke6 Re5+ 70. Kd6 Ke4 71. Kc6 Rd5 72. Kc7 Kd4 73. Kc6 Kc4 74. Kc7 Kb5 75. Kc8 Kb6 0-1


[Site "https://www.chess.com"]

[Event "Titled Tuesday Blitz May 23 Late 2023"]
[White "Spitzl, Vinzent"]
[Black "Vadim_Galchenko"]
[WhiteFideId "12901253"]
[WhiteElo "2225"]
[BlackElo "2400"]
[Result "1-0"]
[Round "03"]
[TimeControl "180+2"]
[Date "2023.05.23"]
[WhiteClock "0:00:11"]
[BlackClock "0:00:08"]

1. e4 e6 2. d4 d5 3. Nd2 c5 4. exd5 Qxd5 5. Ngf3 cxd4 6. Bc4 Qd6 7. O-O Nf6 8. Nb3 Nc6 9. Nbxd4 Nxd4 10. Nxd4 a6 11. Re1 Qc7 12. Bb3 Bd7 13. c3 Bd6 14. h3 O-O-O 15. Qf3 Kb8 16. Be3 Bc8 17. Bg5 Rhg8 18. a4 h6 19. Be3 e5 20. Nc2 e4 21. Qe2 g5 22. a5 Rde8 23. Nb4 Qe7 24. Rad1 Bc7 25. Qd2 Bxh3 26. Qd4 Bxg2 27. Kxg2 Nh5 28. Qa7+ Kc8 29. Nxa6 bxa6 30. Qxa6+ Kb8 31. Rd4 Nf4+ 32. Kf1 Nd3 33. Rxd3 exd3 34. Bd5 Bd8 35. Qa8+ Kc7 36. Bb6+ Kd7 37. Qc6# 1-0


[Site "https://www.chess.com"]

[Event "Titled Tuesday Blitz May 23 Late 2023"]
[White "Tomiello, Mateus Costamilan"]
[Black "Carrasco Miranda, Andres"]
[WhiteFideId "22701958"]
[BlackFideId "3405990"]
[WhiteElo "1990"]
[BlackElo "2183"]
[Result "1-0"]
[Round "03"]
[TimeControl "180+2"]
[Date "2023.05.23"]
[WhiteClock "0:01:07"]
[BlackClock "0:00:06"]

1. e4 e5 2. Nf3 Nc6 3. Bb5 Nf6 4. O-O Nxe4 5. d4 Nd6 6. Bxc6 dxc6 7. dxe5 Nf5 8. Qxd8+ Kxd8 9. c4 Ke8 10. b3 a5 11. Nc3 Be7 12. Bb2 b6 13. h3 h5 14. Rad1 Be6 15. Ne4 Rd8 16. Nfg5 Rh6 17. a4 h4 18. Rxd8+ Kxd8 19. Rd1+ Kc8 20. Bc3 Rg6 21. f4 Ng3 22. Nxg3 Bxg5 23. f5 Be3+ 24. Kf1 Rxg3 25. fxe6 fxe6 26. Rd3 Bf4 27. Rxg3 Bxg3 28. Ke2 c5 29. Be1 Bxe5 30. Bxh4 Kd7 31. Kf3 c6 32. Ke4 Bd4 33. Bg3 g6 34. Bf4 Bf6 35. g4 g5 36. Bg3 Kc8 37. Be5 Be7 38. Bg7 Kd7 39. Ke5 Bd6+ 40. Kf6 Bf4 41. Bh6 Kd6 42. Bxg5 Be5+ 43. Kg6 Bb2 44. h4 e5 45. h5 e4 46. h6 b5 47. Kf5 1-0


[Site "https://www.chess.com"]

[Event "Titled Tuesday Blitz May 23 Late 2023"]
[White "FuenfgegenWilly"]
[Black "Arabidze, Meri"]
[BlackFideId "13604040"]
[WhiteElo "2362"]
[BlackElo "2405"]
[Result "0-1"]
[Round "03"]
[TimeControl "180+2"]
[Date "2023.05.23"]
[WhiteClock "0:00:46"]
[BlackClock "0:00:14"]

1. Nf3 Nf6 2. e3 b6 3. b3 Bb7 4. Bb2 g6 5. c4 Bg7 6. g3 d6 7. Bg2 e5 8. O-O O-O 9. d3 Qc8 10. Nbd2 Nbd7 11. Nh4 Bxg2 12. Nxg2 Re8 13. b4 Qb7 14. e4 a5 15. a3 b5 16. Qb3 axb4 17. Qxb4 Rab8 18. Bc3 Nc5 19. cxb5 Qxb5 20. Qxb5 Rxb5 21. a4 Rb7 22. Ne3 Nxd3 23. a5 Nc5 24. Nec4 Nfxe4 25. Nxe4 Nxe4 26. a6 Ra7 27. Bd2 Nxd2 28. Nxd2 Rea8 29. Rfc1 c5 30. Nc4 Rxa6 31. Rab1 d5 32. Nb6 Rd8 33. Rxc5 Rb8 34. Rcb5 d4 35. Nc4 Rxb5 36. Rxb5 f6 37. Rb8+ Bf8 38. Kg2 Kf7 39. Nb6 Ra7 40. h4 h5 41. Kf3 Re7 42. Rd8 e4+ 43. Ke2 d3+ 44. Ke3 Bh6+ 45. f4 exf3+ 46. Kxf3 d2 47. Nc4 Re1 48. Nxd2 Rd1 49. Rd7+ Ke6 50. Rh7 Bxd2 51. Ke2 Rg1 52. Kxd2 Rxg3 53. Rg7 Kf5 54. Ra7 Kg4 55. Ra5 Kxh4 56. Ke2 f5 57. Kf2 f4 58. Ra6 g5 59. Ra1 Kg4 60. Rh1 h4 61. Ra1 h3 62. Rh1 Rg2+ 63. Kf1 Ra2 64. Rg1+ Kf3 65. Ke1 Ra1+ 0-1


[Site "https://www.chess.com"]

[Event "Titled Tuesday Blitz May 23 Late 2023"]
[White "el_sporco"]
[Black "Kiremitciyan, Ari"]
[BlackFideId "6373445"]
[WhiteElo "2362"]
[BlackElo "2181"]
[Result "1-0"]
[Round "03"]
[TimeControl "180+2"]
[Date "2023.05.23"]
[WhiteClock "0:00:08"]
[BlackClock "0:00:00"]

1. e4 e5 2. Nf3 Nc6 3. Bb5 g6 4. c3 d6 5. d4 Bd7 6. O-O Bg7 7. Be3 Nge7 8. Nbd2 O-O 9. Re1 Nxd4 10. cxd4 Bxb5 11. Qb3 Ba6 12. dxe5 dxe5 13. Nc4 Bxc4 14. Qxc4 h6 15. Red1 Qc8 16. Rac1 c6 17. Rd2 Re8 18. Rcd1 b6 19. Rd7 Nd5 20. Rd6 Nxe3 21. fxe3 b5 22. Qxc6 Qxc6 23. Rxc6 Rec8 24. Rxc8+ Rxc8 25. Kf2 Rc2+ 26. Rd2 Rxd2+ 27. Nxd2 Kf8 28. Ke2 Ke7 29. Kd3 Kd6 30. b3 f6 31. Nb1 Kc5 32. Nc3 Kb4 33. Kc2 f5 34. Nd5+ Kc5 35. Ne7 fxe4 36. Nxg6 h5 37. Nh4 Bh6 38. Nf5 Bg5 39. a3 a5 40. Kc3 b4+ 41. axb4+ axb4+ 42. Kd2 h4 43. g3 hxg3 44. Nxg3 Kd5 45. Ke2 Bh4 46. Nf5 Bf6 47. Ng3 Bh4 48. Nf1 Ke6 49. Nd2 Kf5 50. Nc4 Be7 51. Nb6 1-0


[Site "https://www.chess.com"]

[Event "Titled Tuesday Blitz May 23 Late 2023"]
[White "Debray, Christopher"]
[Black "Sourath Biswas"]
[WhiteFideId "630810"]
[BlackFideId "35091484"]
[WhiteElo "2340"]
[BlackElo "2171"]
[Result "1-0"]
[Round "03"]
[TimeControl "180+2"]
[Date "2023.05.23"]
[WhiteClock "0:00:15"]
[BlackClock "0:00:01"]

1. e4 c6 2. d4 d5 3. Nc3 dxe4 4. Nxe4 Nf6 5. Nxf6+ exf6 6. Be3 Bd6 7. Bd3 O-O 8. Ne2 Re8 9. O-O Nd7 10. c4 Nf8 11. Ng3 Bc7 12. Qf3 Ng6 13. Rfe1 Be6 14. Rad1 Qd7 15. h3 Rad8 16. Nh5 Qd6 17. Ng3 Qb4 18. b3 Qa5 19. Re2 Nh4 20. Qe4 Ng6 21. Qf3 Nh4 22. Qh5 Ng6 23. Qxa5 Bxa5 24. Nf5 Bxf5 25. Bxf5 Nf4 26. Rc2 Ne6 27. a3 Bb6 28. Rcd2 c5 29. Bxe6 Rxe6 30. dxc5 Rxd2 31. Rxd2 Bc7 32. Rd7 Rc6 33. Bf4 Ba5 34. Rxb7 g5 35. Bd6 Bc3 36. Rxa7 Rc8 37. b4 Re8 38. g3 Re1+ 39. Kg2 Re2 40. Kf3 Bd4 41. Kxe2 1-0


[Site "https://www.chess.com"]

[Event "Titled Tuesday Blitz May 23 Late 2023"]
[White "Onslow, Alfie"]
[Black "Ambartsumova, Karina"]
[WhiteFideId "436976"]
[BlackFideId "4166299"]
[WhiteElo "2114"]
[BlackElo "2240"]
[Result "0-1"]
[Round "03"]
[TimeControl "180+2"]
[Date "2023.05.23"]
[WhiteClock "0:00:13"]
[BlackClock "0:01:01"]

1. Nf3 Nf6 2. c4 d6 3. d4 g6 4. b3 Bg7 5. Bb2 O-O 6. g3 c5 7. d5 a6 8. Bg2 b6 9. O-O b5 10. Nbd2 Bf5 11. Ne1 Qc8 12. e4 Bh3 13. Nd3 Bxg2 14. Kxg2 e5 15. dxe6 fxe6 16. Qe2 Nc6 17. Nf3 e5 18. Rac1 Qb7 19. Rfe1 Rae8 20. Qd2 Nd4 21. Nxd4 exd4 22. f3 Qf7 23. Rf1 h5 24. cxb5 axb5 25. e5 Nd5 26. exd6 Ne3+ 27. Kg1 Nxf1 28. Rxf1 c4 29. Nf4 c3 30. Qd3 cxb2 31. Nxg6 Qf5 32. Ne7+ Rxe7 33. Qxf5 Rxf5 34. dxe7 Kf7 35. Kf2 Rc5 36. Re1 Ke8 37. Ke2 Rc1 0-1


[Site "https://www.chess.com"]

[Event "Titled Tuesday Blitz May 23 Late 2023"]
[White "Filgueira, Hernan"]
[Black "Celestino, Rafael Teixeira"]
[WhiteFideId "101770"]
[BlackFideId "2108925"]
[WhiteElo "2363"]
[BlackElo "2353"]
[Result "1-0"]
[Round "03"]
[TimeControl "180+2"]
[Date "2023.05.23"]
[WhiteClock "0:01:02"]
[BlackClock "0:00:03"]

1. c4 e5 2. Nc3 Nc6 3. Nf3 Nf6 4. a4 Bb4 5. Nd5 Ba5 6. Rb1 e4 7. Ng1 Nxd5 8. cxd5 Ne5 9. b4 Bb6 10. a5 Bxf2+ 11. Kxf2 Qf6+ 12. Nf3 Ng4+ 13. Kg1 exf3 14. gxf3 Qd4+ 15. e3 Nxe3 16. Qe2 O-O 17. dxe3 Qf6 18. e4 d6 19. Bb2 Qf4 20. Qf2 f5 21. Re1 fxe4 22. Qg3 Qxg3+ 23. hxg3 exf3 24. Re7 Rf7 25. Rxf7 Kxf7 26. Rxh7 b6 27. Rxg7+ Kf8 28. Rxc7 Bg4 29. a6 Re8 30. Kf2 Re4 31. Bc3 Bh5 32. Bd3 Re7 33. Rxe7 Kxe7 34. Be4 Kf7 35. Bd4 Bg6 36. Bxf3 Bd3 37. Be2 Bc2 38. Bxb6 1-0


[Site "https://www.chess.com"]